 Dungeon Crawl Stone Soup version 0.26.1-2-gb8aa6d0cf2 (webtiles) character file.

Game seed: 2628776233984922300

81 SupeRad the Grave Robber (level 4, -2/33 HPs)
             Began as a Ghoul Necromancer on Feb 12, 2021.
             Slain by Grinder (6 damage)
             ... on level 3 of the Dungeon.
             The game lasted 00:16:43 (2334 turns).

SupeRad the Grave Robber (Ghoul Necromancer)        Turns: 2334, Time: 00:16:43

Health: -2/33      AC:  7    Str: 11    XL:     4   Next: 42%
Magic:  4/6        EV:  9    Int: 11    God:
Gold:   104        SH:  0    Dex:  9    Spells: 6/7 levels left

rFire    . . .     SeeInvis .   e - +1 dagger (pain)
rCold    + . .     Faith    .   (no shield)
rNeg     + + +     Spirit   .   g - +0 scale mail
rPois    ∞         Reflect  .   l - +0 helmet
rElec    .         Harm     .   (no cloak)
rCorr    .         Rampage  .   (no gloves)
Will     .....                  (no boots)
Stlth    +.........             (no amulet)
HPRegen  0.00/turn              (no ring)
MPRegen  0.10/turn              (no ring)

@: no status effects
A: claws 1, cold resistance 1, negative energy resistance 3, inhibited
regeneration, torment resistance, unbreathing
a: no special abilities


You were on level 3 of the Dungeon.
You visited 1 branch of the dungeon, and saw 3 of its levels.

You collected 104 gold pieces.

Inventory:

Hand Weapons
 e - a +1 dagger of pain (weapon)
Armour
 g - a +0 scale mail (worn)
 l - a +0 helmet (worn)
Jewellery
 i - an uncursed amulet of regeneration {unknown}
Scrolls
 a - 2 scrolls of identify {unknown}
 h - a scroll of blinking {unknown}
 j - a scroll of enchant weapon {unknown}
 k - 2 scrolls of teleportation {unknown}
Potions
 b - 2 potions of flight {unknown}
 c - a potion of curing {unknown}
 d - a potion of degeneration {unknown}
 f - a potion of might {unknown}


   Skills:
 + Level 0.3 Short Blades
 + Level 0.1 Armour
 + Level 2.2 Dodging
 + Level 2.7 Stealth
 + Level 2.3 Spellcasting
 + Level 4.9 Necromancy


You had 6 spell levels left.
You knew the following spells:

 Your Spells              Type           Power        Failure   Level
a - Pain                  Necr           48%          24%         1

Your spell library contained the following spells:

 Spells                   Type           Power        Failure   Level
 Animate Skeleton         Necr           24%          24%         1
 Vampiric Draining        Necr           6%           56%         3
 Animate Dead             Necr           6%           93%         4
 Agony                    Necr           12%          100%        5


Dungeon Overview and Level Annotations

Branches:
Dungeon (3/15)

Altars:
Okawaru
Trog

Annotations:
D:3 Grinder


Innate Abilities, Weirdness & Mutations

You thrive by killing the living.
You are immune to poison.
You have sharp fingernails.
Your flesh is cold resistant. (rC+)
You are immune to negative energy. (rN+++)
You do not regenerate when monsters are visible.
You are immune to unholy pain and torment.
You can survive without breathing.


Message History

Grinder closely misses you.
You barely miss Grinder.
Grinder is lightly wounded.
Grinder closely misses you.
You closely miss Grinder.
Grinder is lightly wounded.
Grinder hits you!
* * * LOW HITPOINT WARNING * * *
You closely miss Grinder.
Grinder is lightly wounded.
Grinder hits you.
* * * LOW HITPOINT WARNING * * *
You closely miss Grinder.
Grinder is lightly wounded.
Grinder hits you.
* * * LOW HITPOINT WARNING * * *
You hit Grinder.
Grinder is lightly wounded.
Grinder hits you.
You die...

###########
#?........########
##)#####....(##...##
.........###.#.....#
##.####..# #....@..#
#...# #..# #.#..5..#
.....##......##...##
........####.###.##
.....##.# #.# #.#
....###.# #.# #.#
##.## #.# #.# #.#
#.# #.# #.#


You could see Grinder.

Vanquished Creatures
  2 adders (D:2)
  4 dart slugs
  An orc (D:3)
  4 giant cockroaches
  7 goblins
  4 hobgoblins
  8 jackals (D:2)
  6 kobolds
  A quokka (D:2)
  6 bats
  4 frilled lizards
  3 rats
50 creatures vanquished.

Notes
Turn   | Place    | Note
-------+----------+-------------------------------------------
     0 | D:1      | SupeRad the Ghoul Necromancer began the quest for the Orb.
     0 | D:1      | Reached XP level 1. HP: 14/14 MP: 2/2
   564 | D:1      | Reached XP level 2. HP: 9/20 MP: 1/3
  1347 | D:2      | Reached XP level 3. HP: 25/26 MP: 0/4
  1471 | D:2      | Found an iron altar of Okawaru.
  1471 | D:2      | Found a bloodstained altar of Trog.
  1857 | D:2      | Reached XP level 4. HP: 33/33 MP: 6/6
  2303 | D:3      | Noticed Grinder
  2318 | D:3      | Paralysed by Grinder for 7 turns
  2334 | D:3      | Slain by Grinder

Illustrated notes

Levels and vault maps discovered:
D:1:      psy_arrival_statuary, layout_basic
D:2:      layout_loops_cross, gammafunk_temple_overflow_wave
D:3:      layout_loops_ring, uniq_crazy_yiuf_cottage, uniq_grinder

Skill      XL: |  1  2  3 |
---------------+----------+-----
Dodging        | 2 |  2.2
Spellcasting   | 2 |  2.3
Short Blades   | |  0.3
Armour         | |  0.1
Stealth        | |  2.7
Necromancy     | |  4.9

Action                   |  1- 3 |  4- 6 || total
-------------------------+-------+-------++-------
Melee: Unarmed           |    11 |       ||    11
       Dagger            |    62 |    57 ||   119
 Cast: Pain              |    46 |     5 ||    51
Armor: Robe              |    15 |       ||    15
       Scale mail        |     8 |    34 ||    42
Dodge: Dodged            |    37 |    32 ||    69
